AAA EAST
BUFFALO BISONS @ SCRANTON WB RAILRIDERS
04/29/2042
 
TOP OF THE 1ST
Buffalo Bisons batting - Pitching for Scranton WB RailRiders : LHP Cy Bergstrom
Pitching: LHP Cy Bergstrom
Batting: LHB Luis Mejía 0-0: Swinging Strike
0-1: Fly out, F1 (Line Drive, P, EV 63.8 MPH)
Batting: RHB António Ramos 0-0: Ball
1-0: Fly out, F9 (Line Drive, 9, EV 86.3 MPH)
Batting: RHB Bob Robinson 0-0: Ball
1-0: Ball
2-0: Foul Ball, location: 25FF
2-1: Ball
3-1: Fly out, F9 (Flyball, 9D, EV 110.6 MPH)
Top of the 1st over - 0 runs, 0 hits, 0 errors, 0 left on base; Buffalo 0 - Scranton WB 0
BOTTOM OF THE 1ST
Scranton WB RailRiders batting - Pitching for Buffalo Bisons : RHP Greg Jones
Pitching: RHP Greg Jones
Batting: RHB Walt Gardner 0-0: Called Strike
0-1: TRIPLE (Line Drive, 9LD, EV 101.9 MPH)
Batting: RHB Dave Bennett 0-0: Called Strike
0-1: Ball
1-1: Ball
2-1: Fly out, F7 (Flyball, 78M, EV 90.6 MPH)
Batting: SHB Rodrigo López 0-0: Ground out 3-1 (Groundball, 34, EV 100.0 MPH)
Walt Gardner scores
Batting: LHB Spike Robbins 0-0: Ball
1-0: Foul Ball, location: 7LDF
1-1: Ball
2-1: Ball
3-1: Foul Ball, location: 7LMF
3-2: Foul Ball, location: 9LSF
3-2: Foul Ball, location: 2F
3-2: Ground out 1-3 (Groundball, 13, EV 63.8 MPH)
Bottom of the 1st over - 1 run, 1 hit, 0 errors, 0 left on base; Buffalo 0 - Scranton WB 1
TOP OF THE 2ND
Buffalo Bisons batting - Pitching for Scranton WB RailRiders : LHP Cy Bergstrom
Batting: RHB Jimmy Newton 0-0: Ball
1-0: Foul Ball, location: 7LSF
1-1: Ball
2-1: Swinging Strike
2-2: Foul Ball, location: 2F
2-2: Fly out, F7 (Flyball, 7, EV 88.8 MPH)
Batting: LHB Ty Davis 0-0: Ball
1-0: Ground out U3 (Groundball, 3L, EV 78.8 MPH)
Batting: LHB Josh Mason 0-0: Called Strike
0-1: Ball
1-1: Foul Ball, location: 2F
1-2: Ball
2-2: Ball
3-2: Foul Ball, location: 23FF
3-2: Fly out, F9 (Flyball, 9LSF, EV 73.1 MPH)
Top of the 2nd over - 0 runs, 0 hits, 0 errors, 0 left on base; Buffalo 0 - Scranton WB 1
BOTTOM OF THE 2ND
Scranton WB RailRiders batting - Pitching for Buffalo Bisons : RHP Greg Jones
Batting: LHB Jim Unknown 0-0: Called Strike
0-1: Ball
1-1: Called Strike
1-2: Fly out, F9 (Flyball, 9, EV 88.1 MPH)
Batting: LHB Jim Unknown 0-0: Called Strike
0-1: Swinging Strike
0-2: Foul Ball, location: 23F
0-2: Strikes out looking
Batting: RHB Jim Unknown 0-0: Ball
1-0: Foul Ball, location: 7LSF
1-1: Ball
2-1: SINGLE (Line Drive, 9S, EV 100.0 MPH)
Batting: RHB Jim Unknown 0-0: Ball
Jim Unknown steals 2nd base
1-0: Ball
2-0: Called Strike
2-1: Ground out 4-3 (Groundball, 4MD, EV 97.5 MPH)
Bottom of the 2nd over - 0 runs, 1 hit, 0 errors, 1 left on base; Buffalo 0 - Scranton WB 1
TOP OF THE 3RD
Buffalo Bisons batting - Pitching for Scranton WB RailRiders : LHP Cy Bergstrom
Batting: RHB Phil Raymond 0-0: Ball
1-0: Called Strike
1-1: Foul Ball, location: 3FF
1-2: Ball
2-2: SINGLE (Line Drive, 6M, EV 104.4 MPH)
Batting: LHB José Gonzáles 0-0: Sac Bunt to 13S - play at first, batter OUT! 1-3
Phil Raymond to second
Batting: RHB Juan Sosa 0-0: Ball
1-0: Ball
2-0: Called Strike
2-1: Foul Ball, location: 2F
2-2: Ball
3-2: Ground out 6-3 (Groundball, 6, EV 83.8 MPH)
Batting: LHB Luis Mejía 0-0: Ball
1-0: Ball
2-0: Ball
3-0: Called Strike
3-1: Base on Balls
Batting: RHB António Ramos 0-0: Ball
1-0: Called Strike
1-1: Ball
2-1: Ball
3-1: Foul Ball, location: 3F
3-2: Base on Balls
Phil Raymond to third
Luis Mejía to second
Batting: RHB Bob Robinson 0-0: Ball
1-0: Ball
2-0: Foul Ball, location: 2F
2-1: Fly out, F9 (Flyball, 9S, EV 86.3 MPH)
Top of the 3rd over - 0 runs, 1 hit, 0 errors, 3 left on base; Buffalo 0 - Scranton WB 1
BOTTOM OF THE 3RD
Scranton WB RailRiders batting - Pitching for Buffalo Bisons : RHP Greg Jones
Batting: RHB Jim Unknown 0-0: Ground out 6-3 (Groundball, 6S, EV 89.4 MPH)
Batting: RHB Walt Gardner 0-0: Ball
1-0: Ball
2-0: Called Strike
2-1: Foul Ball, location: 5FF
2-2: Strikes out swinging
Batting: RHB Dave Bennett 0-0: Called Strike
0-1: Foul Ball, location: 2F
0-2: Strikes out swinging
Bottom of the 3rd over - 0 runs, 0 hits, 0 errors, 0 left on base; Buffalo 0 - Scranton WB 1
TOP OF THE 4TH
Buffalo Bisons batting - Pitching for Scranton WB RailRiders : LHP Cy Bergstrom
Batting: RHB Jimmy Newton 0-0: Called Strike
0-1: Ball
1-1: DOUBLE (Line Drive, 9LM, EV 101.3 MPH)
Batting: LHB Ty Davis 0-0: Called Strike
0-1: Fly out, F7 (Flyball, 7, EV 86.9 MPH)
Batting: LHB Josh Mason 0-0: Called Strike
0-1: Foul Ball, location: 9LSF
0-2: Ball
1-2: Ball
2-2: Foul Ball, location: 3FF
2-2: Strikes out swinging
Batting: RHB Phil Raymond 0-0: Called Strike
0-1: Ball
1-1: Foul Ball, location: 3FF
1-2: Foul Ball, location: 9LSF
1-2: Ball
2-2: SINGLE (Flyball, 3D, EV 90.6 MPH)
Jimmy Newton to third
Runner from 3rd tries for Home, SAFE, throw by RF to home
Phil Raymond to second
Batting: LHB José Gonzáles 0-0: Foul Ball, location: 2F
0-1: TRIPLE (Line Drive, 9LD, EV 110.6 MPH)
Phil Raymond scores
Batting: RHB Juan Sosa 0-0: Called Strike
0-1: Foul Ball, location: 2F
0-2: Foul Ball, location: 9LSF
0-2: Foul Ball, location: 5SF
0-2: Ball
1-2: Ball
2-2: Strikes out swinging
Top of the 4th over - 2 runs, 3 hits, 0 errors, 1 left on base; Buffalo 2 - Scranton WB 1
BOTTOM OF THE 4TH
Scranton WB RailRiders batting - Pitching for Buffalo Bisons : RHP Greg Jones
Batting: SHB Rodrigo López 0-0: Ball
1-0: Ball
2-0: Foul Ball, location: 5SF
2-1: Ball
3-1: Fly out, F7 (Flyball, 7LM, EV 84.4 MPH)
Batting: LHB Spike Robbins 0-0: Fly out, F5 (Popup, 5SF, EV 71.9 MPH)
Batting: LHB Jim Unknown 0-0: Ball
1-0: Ball
2-0: Ball
3-0: Base on Balls
Batting: LHB Jim Unknown 0-0: Called Strike
0-1: Fielders Choice at 2nd, 6-4 (Groundball, 56, EV 84.4 MPH)
Bottom of the 4th over - 0 runs, 0 hits, 0 errors, 1 left on base; Buffalo 2 - Scranton WB 1
TOP OF THE 5TH
Buffalo Bisons batting - Pitching for Scranton WB RailRiders : LHP Cy Bergstrom
Batting: LHB Luis Mejía 0-0: Ball
1-0: Swinging Strike
1-1: Ball
2-1: Called Strike
2-2: Strikes out looking
Batting: RHB António Ramos 0-0: Ball
1-0: Swinging Strike
1-1: Foul Ball, location: 2F
1-2: Ball
2-2: Foul Ball, location: 3SF
2-2: Foul Ball, location: 2F
2-2: Strikes out swinging
Pitching: RHP Waylon Carbajal
Batting: RHB Bob Robinson 0-0: Ball
1-0: Swinging Strike
1-1: Called Strike
1-2: Foul Ball, location: 9LSF
1-2: Ball
2-2: Ball
3-2: Strikes out swinging, 2-3 out at first.
Top of the 5th over - 0 runs, 0 hits, 0 errors, 0 left on base; Buffalo 2 - Scranton WB 1
BOTTOM OF THE 5TH
Scranton WB RailRiders batting - Pitching for Buffalo Bisons : RHP Greg Jones
Batting: RHB Jim Unknown 0-0: Fly out, F8 (Flyball, 8LXD, EV 88.8 MPH)
Batting: RHB Jim Unknown 0-0: Called Strike
0-1: Swinging Strike
0-2: Ball
1-2: SINGLE (Groundball, 4D, EV 96.9 MPH)
Batting: RHB Jim Unknown 0-0: Ball
1-0: Ball
2-0: Ball
3-0: Called Strike
3-1: Fly out, F8 (Flyball, 78M, EV 87.5 MPH)
Batting: RHB Walt Gardner 0-0: Ball
1-0: Ball
2-0: Called Strike
2-1: Fly out, F9 (Flyball, 9LSF, EV 89.4 MPH)
Bottom of the 5th over - 0 runs, 1 hit, 0 errors, 1 left on base; Buffalo 2 - Scranton WB 1
TOP OF THE 6TH
Buffalo Bisons batting - Pitching for Scranton WB RailRiders : RHP Waylon Carbajal
Batting: RHB Jimmy Newton 0-0: Ball
1-0: Swinging Strike
1-1: Ground out U3 (Groundball, 34S, EV 94.4 MPH)
Batting: LHB Ty Davis 0-0: Ball
1-0: Ground out 6-3 (Groundball, 6, EV 87.5 MPH)
Batting: LHB Josh Mason 0-0: Called Strike
0-1: Foul Ball, location: 5F
0-2: Ball
1-2: Ball
2-2: Ground out 4-3 (Groundball, 4, EV 85.0 MPH)
Top of the 6th over - 0 runs, 0 hits, 0 errors, 0 left on base; Buffalo 2 - Scranton WB 1
BOTTOM OF THE 6TH
Scranton WB RailRiders batting - Pitching for Buffalo Bisons : RHP Greg Jones
Batting: RHB Dave Bennett 0-0: Fly out, F9 (Flyball, 9, EV 79.4 MPH)
Batting: SHB Rodrigo López 0-0: Foul Ball, location: 23F
0-1: Ball
1-1: Ball
2-1: Ball
3-1: Called Strike
3-2: Strikes out looking
Batting: LHB Spike Robbins 0-0: Called Strike
0-1: Ball
1-1: Ball
2-1: Foul Ball, location: 2F
2-2: Foul Ball, location: 3FF
2-2: Ball
3-2: Ground out 4-3 (Groundball, 4, EV 80.6 MPH)
Bottom of the 6th over - 0 runs, 0 hits, 0 errors, 0 left on base; Buffalo 2 - Scranton WB 1
TOP OF THE 7TH
Buffalo Bisons batting - Pitching for Scranton WB RailRiders : RHP Waylon Carbajal
Pitching: RHP Juan Ferreira
Batting: RHB Phil Raymond 0-0: Called Strike
0-1: Fly out, F9 (Flyball, 9, EV 89.4 MPH)
Batting: LHB José Gonzáles 0-0: Ball
1-0: Ground out U3 (Groundball, 3, EV 106.9 MPH)
Batting: RHB Juan Sosa 0-0: Called Strike
0-1: Foul Ball, location: 3F
0-2: Fly out, F7 (Flyball, 7D, EV 85.6 MPH)
Top of the 7th over - 0 runs, 0 hits, 0 errors, 0 left on base; Buffalo 2 - Scranton WB 1
BOTTOM OF THE 7TH
Scranton WB RailRiders batting - Pitching for Buffalo Bisons : RHP Greg Jones
Batting: LHB Jim Unknown 0-0: SINGLE (Line Drive, 6MD, EV 110.6 MPH)
Batting: LHB Jim Unknown 0-0: Ball
1-0: Ball
2-0: Sac Bunt to 2L - play at first, batter safe!
Jim Unknown to second
Batting: RHB Jim Unknown 0-0: Bunted foul
0-1: Ball
1-1: Foul Ball, location: 3F
1-2: SINGLE (Line Drive, 89S, EV 97.5 MPH)
Jim Unknown to third
Jim Unknown to second
Batting: RHB Jim Unknown 0-0: Ball
1-0: Fly out, F9 (Flyball, 9D, EV 82.5 MPH)
Runner from 3rd tags up, SCORES, no throw by RF
Batting: RHB Jim Unknown 0-0: Called Strike
0-1: Ground out 5-3 (Groundball, 56, EV 103.8 MPH)
Jim Unknown to third
Jim Unknown to second
Batting: RHB Walt Gardner 0-0: Foul Ball, location: 2F
0-1: Ball
1-1: Called Strike
1-2: Ball
2-2: Foul Ball, location: 2F
2-2: Foul Ball, location: 7LSF
2-2: Foul Ball, location: 2F
2-2: Ground out 1-3 (Groundball, 13, EV 70.0 MPH)
Bottom of the 7th over - 1 run, 3 hits, 0 errors, 2 left on base; Buffalo 2 - Scranton WB 2
TOP OF THE 8TH
Buffalo Bisons batting - Pitching for Scranton WB RailRiders : RHP Juan Ferreira
Batting: LHB Luis Mejía 0-0: Called Strike
0-1: Ball
1-1: Ball
2-1: DOUBLE (Line Drive, 78D, EV 103.1 MPH)
Pinch Hitting: LHB Albert Hernández 0-0: Intentional Walk
Batting: RHB Bob Robinson 0-0: Ball
1-0: Ball
2-0: Called Strike
2-1: Foul Ball, location: 2LF
2-2: Strikes out swinging
Pinch Hitting: SHB Jim Harris 0-0: Ball
Wild Pitch!
Luis Mejía to third
Albert Hernández to second
1-0: Ball
2-0: Swinging Strike
2-1: Ball
3-1: Base on Balls
Batting: LHB Ty Davis 0-0: SINGLE (Groundball, 6MD, EV 110.0 MPH)
Luis Mejía scores
Albert Hernández to third
Jim Harris to second
Runner from 3rd tries for Home, SAFE, throw by CF to home
Batting: LHB Josh Mason 0-0: Called Strike
0-1: Foul Ball, location: 3F
0-2: 3-RUN HOME RUN (Flyball, 9D, EV 94.4 MPH), Distance : 372 ft
Pitching: RHP Ollie McGee
Batting: RHB Phil Raymond 0-0: Called Strike
0-1: Called Strike
0-2: Ball
1-2: Ball
2-2: Foul Ball, location: 9LSF
2-2: Ball
3-2: Base on Balls
Batting: LHB José Gonzáles 0-0: Ball
1-0: Ball
2-0: Called Strike
2-1: Ball
3-1: Foul Ball, location: 2F
3-2: SINGLE (Line Drive, 7S, EV 88.8 MPH)
Phil Raymond to second
Phil Raymond to third
Batting: RHB Juan Sosa 0-0: SINGLE (Groundball, 34, EV 110.6 MPH) (infield hit)
Phil Raymond scores
José Gonzáles to second
Batting: LHB Luis Mejía 0-0: Ball
1-0: Fly out, F7 (Flyball, 7, EV 81.3 MPH)
Batting: LHB Albert Hernández 0-0: Ball
1-0: Foul Ball, location: 9LDF
1-1: Ball
2-1: Ball
3-1: Called Strike
3-2: Strikes out swinging, 2-3 out at first.
Top of the 8th over - 6 runs, 5 hits, 0 errors, 2 left on base; Buffalo 8 - Scranton WB 2
BOTTOM OF THE 8TH
Scranton WB RailRiders batting - Pitching for Buffalo Bisons : RHP Greg Jones
Pitching: LHP Joaquín Alfaro
Now at 2B: Héctor Guerrero
Now at 3B: Phil Raymond
Now in LF: Jim Harris
Now in RF: Ty Davis
Batting: RHB Dave Bennett 0-0: Called Strike
0-1: Ball
1-1: Ball
2-1: Ground out U3 (Groundball, 23, EV 86.3 MPH)
Batting: SHB Rodrigo López 0-0: Fly out, F8 (Flyball, 8RXD, EV 100.0 MPH)
Batting: LHB Spike Robbins 0-0: Ball
1-0: Ball
2-0: Ground out U3 (Groundball, 34S, EV 85.6 MPH)
Bottom of the 8th over - 0 runs, 0 hits, 0 errors, 0 left on base; Buffalo 8 - Scranton WB 2
TOP OF THE 9TH
Buffalo Bisons batting - Pitching for Scranton WB RailRiders : RHP Ollie McGee
Batting: RHB Bob Robinson 0-0: Swinging Strike
0-1: Foul Ball, location: 5F
0-2: Ball
1-2: Foul Ball, location: 9LDF
1-2: TRIPLE (Line Drive, 89XD, EV 100.6 MPH)
Batting: SHB Jim Harris 0-0: Foul Ball, location: 7LSF
0-1: Ball
Wild Pitch!
Bob Robinson scores
1-1: Swinging Strike
1-2: Foul Ball, location: 7LDF
1-2: Foul Ball, location: 3F
1-2: Ball
2-2: SINGLE (Groundball, 56S, EV 61.9 MPH) (infield hit)
Batting: LHB Ty Davis 0-0: Ball
1-0: Swinging Strike
1-1: Ball
2-1: Ball
3-1: Foul Ball, location: 5F
3-2: Base on Balls
Jim Harris to second
Batting: LHB Josh Mason 0-0: Ball
1-0: Ball
2-0: Ball
3-0: Base on Balls
Jim Harris to third
Ty Davis to second
Batting: RHB Phil Raymond 0-0: Swinging Strike
0-1: Fly out, F8 (Flyball, 89S, EV 83.8 MPH)
Batting: LHB José Gonzáles 0-0: Foul Ball, location: 23FF
0-1: Ball
1-1: Ball
2-1: Called Strike
2-2: Grounds into double play, 5-2-3 (Groundball, 5, EV 91.3 MPH)
Top of the 9th over - 1 run, 2 hits, 0 errors, 2 left on base; Buffalo 9 - Scranton WB 2
BOTTOM OF THE 9TH
Scranton WB RailRiders batting - Pitching for Buffalo Bisons : LHP Joaquín Alfaro
Pinch Hitting: RHB Sacco Blok 0-0: Ball
1-0: Foul Ball, location: 9LSF
1-1: Ball
2-1: Swinging Strike
2-2: Foul Ball, location: 2F
2-2: Ball
3-2: Base on Balls
Pinch Hitting: RHB Alex Willis 0-0: Ball
1-0: Called Strike
1-1: Ball
2-1: Grounds into double play, 5-4-3 (Groundball, 56, EV 100.6 MPH)
Pinch Hitting: RHB Jim Unknown 0-0: Fly out, F4 (Popup, 4S, EV 65.6 MPH)
Bottom of the 9th over - 0 runs, 0 hits, 0 errors, 0 left on base; Buffalo 9 - Scranton WB 2
Friday, May 3rd , 2024 - OOTP Baseball 24.10 Build 82